 Dungeon Crawl Stone Soup version 0.26-a0-30-g56b8cd3df0 (webtiles) character file.

Game seed: 10548551225758716859, levelgen mode: deterministic

640 senseless the Slasher (level 7, -10/53 HPs)
             Began as a Demonspawn Fighter on June 2, 2020.
             Was a Believer of Cheibriados.
             Mangled by an ogre
             ... wielding a +0 giant spiked club
              (17 damage)
             ... on level 4 of the Dungeon.
             The game lasted 00:12:35 (4410 turns).

senseless the Slasher (Demonspawn Fighter)          Turns: 4410, Time: 00:12:36

Health: -10/53     AC: 12    Str: 20    XL:     7   Next: 26%
Magic:  4/7        EV:  4    Int: 13    God:    Cheibriados [**....]
Gold:   16         SH: 10    Dex: 19    Spells: 6/6 levels left

rFire    . . .     SeeInvis .   a - +0 long sword
rCold    . . .     Gourm    .   c - +0 kite shield
rNeg     . . .     Faith    .   A - +0 plate armour
rPois    .         Spirit   .   (no helmet)
rElec    .         Reflect  .   (no cloak)
rCorr    .         Harm     .   (no gloves)
MR       .....                  (no boots)
Stlth    ..........             (no amulet)
HPRegen  0.17/turn              e - ring of flight
MPRegen  0.10/turn              (no ring)

@: very slow
A: claws 1, nightstalker 2, powered by death 1
a: Bend Time, Renounce Religion, Evoke Flight


You were on level 4 of the Dungeon.
You worshipped Cheibriados.
Cheibriados was pleased with you.
You were not hungry.

You visited 1 branch of the dungeon, and saw 4 of its levels.

You collected 185 gold pieces.
You spent 169 gold pieces at shops.

Inventory:

Hand Weapons
 a - a +0 long sword (weapon)
 d - a +0 scythe of freezing
 w - a +0 falchion
 y - a +2 long sword of holy wrath
Armour
 b - a +0 scale mail
 c - a +0 kite shield (worn)
 q - a +0 chain mail
 A - a +0 plate armour (worn)
Jewellery
 e - a ring of flight (left claw)
Wands
 g - a wand of flame (23)
Scrolls
 h - 5 scrolls of identify {unknown}
 n - 2 scrolls of teleportation {unknown}
 o - a scroll of enchant armour {unknown}
 p - 2 scrolls of fog {unknown}
 s - a scroll of amnesia {unknown}
 u - a scroll of remove curse
 x - a scroll of fear {unknown}
Potions
 i - a potion of brilliance {unknown}
 j - 2 potions of heal wounds {unknown}
 k - 3 potions of curing {unknown}
 l - a potion of stabbing {unknown}
 m - a potion of magic {unknown}
 t - a potion of mutation {unknown}
 v - a potion of flight {unknown}
 z - a potion of haste {unknown}
Comestibles
 f - 10 rations
 r - 5 chunks of flesh


   Skills:
 + Level 3.7 Fighting
 + Level 4.8 Long Blades
 + Level 4.4 Armour
 + Level 1.2 Dodging
 + Level 0.6 Stealth
 + Level 4.2 Shields


You had 6 spell levels left.
You didn't know any spells.
Your spell library was empty.

Dungeon Overview and Level Annotations

Branches:
Dungeon (4/15)
 Temple: D:4-7

Altars:
Cheibriados
Dithmenos
Gozag
Xom

Shops:
D:4 =(%


Innate Abilities, Weirdness & Mutations

You have sharp fingernails.
You are significantly more attuned to the shadows.
You regenerate a little health from kills.


Message History

You are too injured to fight recklessly!
You are too injured to fight recklessly!
You are too injured to fight recklessly!
The flow of time bends around you.
Cheibriados rebukes the ogre.
The ogre seems to slow down.
You feel slightly more hungry.
You are too injured to fight recklessly!
You hit the ogre.
The ogre is heavily wounded.
The ogre hits you with a +0 giant spiked club!
* * * LOW HITPOINT WARNING * * *
You hit the ogre.
The ogre is heavily wounded.
The ogre barely misses you.
You slash the ogre!
The ogre is severely wounded.
You hit the ogre.
The ogre is almost dead.
The ogre hits you with a +0 giant spiked club!
You die...

#.# #..#
#...>.. #.#
##.รท######
######. #.#
##8..8##..#
#. #.#
+......'..#
#. #.#
#..##..#..#
#. #.# ###
####..# ###.
#.## #...#
#... ...#
#...# #.##
...# ##@.#
#.## #..#
#O.# #.##
#..# ...#
#.## #..#
+...# #.##
#..# #######
##### #...
#..# #..#..#
#.##
#..####..#.##
######.#
#..........#
.......#
#........#.##
######.#


You could see an ogre (slow).

Vanquished Creatures
  Sigmund (D:2)
  An ice beast (D:3)
  A howler monkey (D:4)
  3 orc wizards
  2 worker ants (D:4)
  3 gnolls (D:3)
  5 adders
  An adder skeleton (D:4)
  A worm (D:3)
  5 dart slugs
  A leopard gecko (D:3)
  16 orcs
  9 bats
  2 giant cockroaches
  18 goblins
  15 hobgoblins
  6 jackals
  4 quokkas
  2 ball pythons
  6 frilled lizards
  A jackal skeleton (D:4)
  6 kobolds
  3 rats
112 creatures vanquished.

Notes
Turn   | Place    | Note
-------+----------+-------------------------------------------
     0 | D:1      | senseless the Demonspawn Fighter began the quest for the
                  | Orb.
     0 | D:1      | Reached XP level 1. HP: 18/18 MP: 1/1
    75 | D:1      | Gained mutation: You regenerate a little health from kills.
                  | [demonic ancestry]
    75 | D:1      | Reached XP level 2. HP: 24/24 MP: 2/2
   402 | D:1      | Gained mutation: You are slightly more attuned to the
                  | shadows. [demonic ancestry]
   402 | D:1      | Reached XP level 3. HP: 18/29 MP: 3/3
  1320 | D:2      | Noticed Sigmund
  1342 | D:2      | Killed Sigmund
  1342 | D:2      | Reached XP level 4. HP: 10/35 MP: 4/4
  1342 | D:2      | Gained mutation: You are significantly more attuned to the
                  | shadows. [demonic ancestry]
  1342 | D:2      | Reached XP level 5. HP: 11/41 MP: 5/5
  2013 | D:2      | Reached skill level 1 in Dodging
  2240 | D:2      | Found a snail-covered altar of Cheibriados.
  2250 | D:2      | Became a worshipper of Cheibriados the Contemplative
  2261 | D:2      | Reached XP level 6. HP: 47/47 MP: 6/6
  3119 | D:3      | Noticed an ice beast
  3142 | D:3      | Killed an ice beast
  3295 | D:3      | Reached * piety under Cheibriados
  3408 | D:3      | Found a shimmering altar of Xom.
  3408 | D:3      | Found an iron altar of Okawaru.
  3408 | D:3      | Found a shimmering altar of Xom.
  3412 | D:3      | Found an opulent altar of Gozag.
  3412 | D:3      | Found a shimmering altar of Xom.
  3412 | D:3      | Found a blossoming altar of Fedhas.
  3967 | D:4      | Gained mutation: You have sharp fingernails. [demonic
                  | ancestry]
  3967 | D:4      | Reached XP level 7. HP: 53/53 MP: 7/7
  4005 | D:4      | Reached ** piety under Cheibriados
  4094 | D:4      | Found a shadowy altar of Dithmenos.
  4211 | D:4      | Found Roregei's Jewellery Shop.
  4248 | D:4      | Found Tuzosear's Antique Weapon Emporium.
  4254 | D:4      | Bought a runed long sword for 169 gold pieces
  4279 | D:4      | Found Rixiarar's Food Shoppe.
  4410 | D:4      | Mangled by an ogre

Illustrated notes

Levels and vault maps discovered:
D:1:      elethiomel_arrival_shortcut, layout_loops_ring, minmay_tromino_i4
D:2:      layout_basic, kennysheep_slug_shrine, minivault_5,
          guppyfry_early_orc_mine, uniq_sigmund
D:3:      layout_basic, doesnt_xom_only_xom
D:4:      minmay_chambers_of_twos, layout_loops_ring,
          nicolae_dithmenos_through_a_glass_darkly, first_ration, serial_shops,
          nicolae_shop_waterfront, shop,
          nicolae_shop_temple_entry_statues_fountains

Skill      XL: |  1  2  3  4  5  6 |
---------------+-------------------+-----
Long Blades    | 2 3 4 |  4.8
Shields        | 3 4 |  4.2
Armour         | 3 4 |  4.4
Dodging        | 1 |  1.2
Fighting       | |  3.7
Stealth        | |  0.6

Action                   |  1- 3 |  4- 6 |  7- 9 || total
-------------------------+-------+-------+-------++-------
Melee: Long sword        |   129 |   257 |    71 ||   457
Invok: Bend Time         |       |       |     1 ||     1
  Use: Scroll            |     1 |       |       ||     1
       Potion            |     1 |       |       ||     1
 Stab: Sleeping          |       |     2 |       ||     2
  Eat: Chunk             |     2 |     5 |       ||     7
       Ration            |       |     1 |       ||     1
Armor: Scale mail        |    45 |    39 |       ||    84
       Chain mail        |       |   114 |    21 ||   135
       Plate armour      |       |       |     9 ||     9
Dodge: Dodged            |    28 |    61 |     9 ||    98
Block: Kite shield       |    58 |   148 |    36 ||   242
       Rpst.: Long sword |     7 |    23 |     3 ||    33

Table legend:
 A = Non-vault XP
 B = Vault XP
 C = Vault XP percentage of total XP
 D = Non-vault monster count
 E = Vault monster count
 F = Vault count percentage of total count
                 A         B        C        D         E       F
            +---------+---------+-------+---------+---------+-------
      Total |     656 |     259 |  28.3 |      98 |      14 |  12.5
            +---------+---------+-------+---------+---------+-------
        D:1 |      67 |       4 |   5.6 |      34 |       3 |   8.1
        D:2 |     108 |     252 |  70.0 |      19 |       9 |  32.1
        D:3 |     299 |       0 |   0.0 |      35 |       0 |   0.0
        D:4 |     182 |       3 |   1.6 |      10 |       2 |  16.7
            +---------+---------+-------+---------+---------+-------
